Map: Abyssal Reef LE

Players

aAaMiNiMaTh (MiNiMaTh) - Winner!

  • Race: Zerg Zerg
  • Spawn Location: 11:00

qbeN

  • Race: Protoss Protoss
  • Spawn Location: 5:00

Event: IEM XI Katowice - World Championship 2017

VOD

Have the link to the VOD?

Description

Time

  • Played on: Feb. 28, 2017, 10:50 a.m.
  • Length: 9:43

All games in this series

Show
View Real Time Build Order
Export as new Build Order

aAaMiNiMaTh Zerg - Winner!

Build Orders: Hatch First 

Get SALT Encoding   

  12  0:00  Drone  
  13  0:12  Overlord  
  13  0:17  Drone  
  14  0:30  Drone x2  
  14  0:34  Drone  
  17  0:53  Drone  
  18  0:57  Drone  
  18  0:58  Hatchery  
  18  1:08  Extractor  
  17  1:12  Spawning Pool  
  17  1:16  Drone  
  17  1:19  Drone  
  18  1:29  Drone  
  19  1:39  Overlord  
  19  1:49  Drone  
  20  1:59  Queen  
  20  2:00  Zergling x2  
  23  2:08  Metabolic Boost  
  23  2:10  Queen  
  23  2:11  Zergling x2  
  23  2:12  Drone  
  27  2:22  Drone  
  28  2:30  Drone  
  28  2:33  Drone x2  
  31  2:40  Hatchery  
  31  2:43  Drone  
  31  2:46  Drone  
  32  2:53  Overlord  
  32  2:54  Drone  
  33  3:06  Zergling x4  
  33  3:09  Drone  
  33  3:10  Overlord  
  33  3:11  Drone  
  33  3:12  Queen  
  39  3:16  Drone  
  39  3:17  Drone  
  39  3:19  Drone  
  43  3:20  Drone  
  43  3:26  Drone  
  44  3:30  Spore Crawler  
  44  3:31  Spore Crawler  
  44  3:33  Overlord  
  44  3:34  Drone  
  43  3:38  Drone x2  
  45  3:43  Drone x2  
  45  3:45  Drone  
  48  3:49  Drone  
  48  3:59  Drone x2  
  48  4:00  Extractor  
  49  4:04  Drone x2  
  49  4:05  Spore Crawler, Roach Warren, Drone x2  
  52  4:10  Zergling x4  
  52  4:13  Drone x2  
  52  4:14  Drone  
  56  4:19  Overlord  
  56  4:25  Drone  
  56  4:26  Drone  
  56  4:27  Overlord  
  56  4:28  Lair  
  58  4:45  Roach x7  
  72  4:46  Roach  
  72  4:48  Extractor  
  72  4:50  Queen  
  75  4:59  Drone x2  
  77  5:00  Overlord x3  
  77  5:08  Overlord, Drone  
  77  5:09  Overlord  
  77  5:10  Drone x2  
  77  5:11  Drone  
  81  5:17  Pneumatized Carapace  
  81  5:18  Drone x3  
  84  5:22  Drone x4  
  84  5:25  Evolution Chamber  
  84  5:26  Drone  
  84  5:27  Glial Reconstitution  
  88  5:35  Extractor  
  87  5:36  Extractor  
  87  5:42  Drone x2  
  88  5:43  Hydralisk Den  
  85  5:54  Drone x4  
  85  5:55  Drone x3  
  91  5:58  Drone x2  
  91  6:00  Extractor  
  92  6:05  Zerg Missile Weapons Level 1  
  92  6:06  Drone x3  
  92  6:07  Hatchery  
  94  6:14  Roach  
  94  6:15  Roach x6  
  109  6:27  Hatchery, Overlord  
  109  6:28  Overlord x3  
  109  6:29  Overlord  
  107  6:39  Hydralisk x3, Muscular Augments  
  111  6:46  Hydralisk x2  
  111  6:47  Hydralisk x3  
  113  6:51  Overseer  
  113  6:53  Hydralisk  
  123  7:11  Drone x3  
  123  7:14  Hydralisk x2, Overlord  
  123  7:15  Hydralisk x5  
  139  7:28  Roach x7  
  139  7:29  Overlord  
  157  7:44  Roach x3  
  157  7:46  Overlord x3  
  157  7:49  Baneling Nest  
  160  7:51  Ravager x4  
  160  7:52  Zergling x2  
  160  7:53  Zergling x6  
  167  7:58  Zergling x2  
  167  8:02  Overlord  
  153  8:22  Hydralisk x6  
  153  8:23  Hydralisk x4  
  153  8:35  Zergling x10, Roach x4  
  153  8:40  Overseer  
  151  8:41  Overseer x2  
  151  8:44  Roach x4  
  151  8:46  Drone x5  
  151  8:47  Drone x2  
  151  8:52  Roach  
  153  9:02  Zergling x8  
  157  9:03  Spore Crawler  
  157  9:06  Drone x2  
  157  9:07  Drone  
  159  9:11  Extractor  
  159  9:12  Zergling x2, Extractor  
  159  9:13  Zergling x4  
  159  9:16  Zergling x6  
Show
View Real Time Build Order
Export as new Build Order

qbeN Protoss 

Build Orders: 1 Gate Expand, Zealot Archon, Dark Templar Rush 

Get SALT Encoding   

  12  0:01  Probe (Chrono Boost)  
  13  0:11  Probe (Chrono Boost)  
  14  0:18  Pylon  
  14  0:22  Probe (Chrono Boost)  
  15  0:36  Probe (Chrono Boost)  
  16  0:47  Gateway, Probe (Chrono Boost)  
  16  0:48  Assimilator  
  17  0:57  Probe (Chrono Boost)  
  18  1:08  Probe (Chrono Boost)  
  20  1:18  Probe (Chrono Boost)  
  20  1:28  Nexus  
  20  1:39  Cybernetics Core  
  20  1:42  Probe (Chrono Boost)  
  21  1:51  Assimilator  
  21  1:53  Probe (Chrono Boost)  
  22  2:00  Pylon  
  22  2:03  Probe (Chrono Boost)  
  23  2:15  Adept  
  23  2:17  Warp Gate  
  23  2:19  Probe (Chrono Boost)  
  26  2:26  Pylon  
  27  2:31  Probe (Chrono Boost)  
  27  2:38  Adept  
  27  2:41  Mothership Core (Chrono Boost)  
  27  2:43  Probe (Chrono Boost)  
  32  2:47  Twilight Council  
  32  2:56  Probe (Chrono Boost)  
  33  2:59  Probe (Chrono Boost)  
  34  3:09  Probe (Chrono Boost)  
  34  3:10  Adept  
  34  3:11  Probe (Chrono Boost)  
  38  3:21  Probe (Chrono Boost)  
  38  3:26  Probe (Chrono Boost), Robotics Facility  
  40  3:32  Dark Shrine, Probe (Chrono Boost)  
  41  3:37  Probe (Chrono Boost)  
  41  3:38  Pylon  
  42  3:44  Probe (Chrono Boost)  
  42  3:47  Probe (Chrono Boost)  
  45  3:55  Probe (Chrono Boost)  
  45  3:59  Gateway  
  45  4:00  Gateway  
  45  4:01  Gateway  
  45  4:05  Probe (Chrono Boost)  
  45  4:08  Assimilator  
  46  4:11  Assimilator, Probe (Chrono Boost)  
  46  4:14  Warp Prism  
  47  4:20  Probe (Chrono Boost)  
  47  4:22  Probe (Chrono Boost)  
  51  4:26  Pylon  
  52  4:32  Probe x2 (Chrono Boost)  
  52  4:37  Pylon  
  53  4:44  Probe (Chrono Boost)  
  55  4:46  Probe (Chrono Boost)  
  55  4:50  Nexus  
  55  4:57  Observer  
  55  4:58  Probe (Chrono Boost)  
  58  5:00  Probe (Chrono Boost)  
  58  5:09  Probe (Chrono Boost)  
  58  5:12  Probe (Chrono Boost)  
  58  5:13  Dark Templar x3  
  66  5:15  Dark Templar  
  66  5:20  Probe (Chrono Boost)  
  66  5:21  Pylon, Archon  
  69  5:22  Archon  
  69  5:31  Probe (Chrono Boost)  
  69  5:34  Immortal  
  70  5:36  Pylon  
  70  5:39  Probe (Chrono Boost)  
  76  5:43  Probe (Chrono Boost)  
  76  5:46  Pylon  
  76  5:56  Probe (Chrono Boost)  
  78  5:58  Probe (Chrono Boost)  
  78  6:03  Sentry x3  
  84  6:05  Stalker, Forge  
  84  6:06  Probe (Chrono Boost)  
  84  6:07  Probe (Chrono Boost)  
  84  6:08  Pylon  
  84  6:09  Immortal  
  84  6:10  Probe (Chrono Boost)  
  93  6:23  Probe (Chrono Boost)  
  93  6:25  Assimilator, Probe (Chrono Boost)  
  95  6:29  Assimilator, Probe (Chrono Boost)  
  95  6:31  Protoss Ground Weapons Level 1  
  96  6:34  Probe (Chrono Boost)  
  96  6:37  Probe (Chrono Boost)  
  96  6:38  Robotics Facility  
  98  6:40  Probe (Chrono Boost)  
  98  6:43  Immortal  
  98  6:44  Probe (Chrono Boost)  
  100  6:49  Probe (Chrono Boost)  
  100  6:50  Zealot x4  
  100  6:51  Probe (Chrono Boost)  
  111  7:02  Probe (Chrono Boost)  
  111  7:03  Blink  
  107  7:16  Stalker  
  107  7:17  Stalker x3  
  115  7:23  Gateway  
  115  7:24  Gateway  
  115  7:26  Gateway  
  115  7:29  Gateway  
  115  7:35  Pylon  
  115  7:48  Robotics Bay  
  115  7:49  Pylon, Immortal  
  115  7:52  Pylon x2  
  115  7:54  Pylon, Stalker  
  125  7:59  Pylon  
  125  8:00  Pylon  
  125  8:01  Pylon  
  125  8:08  Pylon  
  125  8:12  Dark Templar x2  
  109  8:20  Dark Templar x2  
  85  8:33  Dark Templar, Immortal  
  80  8:34  Dark Templar x2  
  80  8:36  Dark Templar  
  78  8:41  Colossus  
  78  8:46  Probe x3 (Chrono Boost)  
  86  8:58  Probe x3 (Chrono Boost)  
  86  8:59  Archon x3  
  86  9:02  Sentry x2, Stalker x2  
  97  9:06  Gateway  
  100  9:10  Probe x3 (Chrono Boost)  
  100  9:11  Stalker  
  100  9:12  Stalker  
  104  9:19  Adept  
  104  9:22  Probe x2 (Chrono Boost)  
  100  9:26  Adept x4  
  86  9:35  Adept x2  

Tags
 
Add a new tag
Caveats
  • Supply blocks, unpowered buildings, or Contaminate may cause inaccurate times.
  • Supply counts are checked every 10 seconds.